 Dungeon Sprint DCSS version 0.17-a0-1650-gce8475a (webtiles) character file.

14076 Kidiri the Unseen (level 11, -22/47 HPs)
             Began as a Spriggan Enchanter on Aug 13, 2015.
             Was the Champion of Dithmenos.
             Annihilated by Rupert
             ... wielding a +3 great mace of holy wrath
              (33 damage)
             ... in the Dungeon (Sprint III: "The Ten Rune Challenge").
             The game lasted 00:16:26 (3542 turns).

Kidiri the Unseen (Spriggan Enchanter)              Turns: 3542, Time: 00:16:26

Health: -22/47     AC:  2    Str:  4    XL:     11   Next: 84%
Magic:  22/30      EV: 34    Int: 19    God:    Dithmenos [******]
Gold:   30         SH:  0    Dex: 20    Spells: 12 memorised, 0 levels left

rFire  + . .     SeeInvis +     a - +1 dagger
rCold  . . .     Clarity  .     b - +1 robe
rNeg   . . .     SustAt   .     (shield restricted)
rPois  .         Gourm    .     (helmet restricted)
rElec  .         Spirit   .     (no cloak)
rCorr  .         Warding  .     (gloves unavailable)
rMut   .         NoTele   +     (boots unavailable)
MR     +....                    (no amulet)
Stlth  ++++++++..               (no ring)
                                (no ring)

@: wreathed by umbra, very quick, somewhat resistant to hostile enchantments,
extraordinarily stealthy
A: unfitting armour, hooves 1, see invisible, clever 1, deformed body, fire
resistance 1, herbivore 3, speed 3, screaming 1, slow metabolism 2
a: Shadow Step, Shadow Form, Renounce Religion


You were in the Dungeon.
You worshipped Dithmenos.
Dithmenos was exalted by your worship.
You were not hungry.

You visited 1 branch You collected 30 gold pieces.

Inventory:

Hand weapons
 a - a +1 dagger (weapon)
Armour
 b - a +1 robe (worn)
Magical devices
 m - a wand of magic darts (42)
Scrolls
 j - a scroll of blinking
 n - 3 scrolls of remove curse
Potions
 f - a potion of heal wounds
 g - a potion of haste
 h - 2 potions of magic
 i - 2 potions of berserk rage
 l - a potion of might
 o - 3 potions of cure mutation
 p - 3 potions of flight
Books
 c - a book of Power

   Spells                             Type                      Level
   a - Fulminant Prism                Conjuration/Hexes            4
   b - Iskenderun's Mystic Blast      Conjuration                  4
   c - Venom Bolt                     Conjuration/Poison           5
   d - Bolt of Magma                  Conjuration/Fire/Earth       5
   e - Iron Shot                      Conjuration/Earth            6
   f - Orb of Destruction             Conjuration                  7
   g - Spellforged Servitor           Conjuration/Summoning        7
 k - a book of Alchemy

   Spells                             Type                      Level
   a - Sublimation of Blood           Necromancy                   2
   b - Ignite Poison                  Fire/Transmutation/Poison    3
   c - Alistair's Intoxication        Transmutation/Poison         4
   d - Condensation Shield            Ice                          4
   e - Petrify                        Transmutation/Earth          4
   f - Irradiate                      Conjuration/Transmutation    5
Comestibles
 d - 2 bread rations
 q - 5 fruits
 s - 26 royal jellies


   Skills:
 + Level 9.9 Short Blades
 * Level 16.8 Dodging
 * Level 18.5 Stealth
 * Level 14.6 Spellcasting
 + Level 6.5 Conjurations
 + Level 11.4 Hexes
 + Level 7.4 Necromancy
 + Level 6.3 Transmutations
 + Level 7.3 Ice Magic
 + Level 4.2 Earth Magic
 + Level 4.4 Poison Magic
 - Level 4.3 Invocations


You couldn't memorise any spells.
You knew the following spells:

 Your Spells              Type           Power        Failure   Level  Hunger
a - Corona                Hex            ######.      1%          1    None
b - Ensorcelled Hibernat  Hex/Ice        #####.       1%          2    None
c - Confuse               Hex            ######..     1%          3    None
d - Tukima's Dance        Hex            ######..     1%          3    None
e - Dazzling Spray        Conj/Hex       #####...     1%          3    None
f - Sublimation of Blood  Necr           #####.....   1%          2    None
g - Fulminant Prism       Conj/Hex       #####.....   1%          4    None
h - Condensation Shield   Ice            #####.....   2%          4    None
i - Iskenderun's Mystic   Conj           #####...     3%          4    None
j - Alistair's Intoxicat  Trmt/Pois      ####....     6%          4    None
k - Petrify               Trmt/Erth      ####....     8%          4    None
l - Irradiate             Conj/Trmt      #####.....   12%         5    ####...


Dungeon Overview and Level Annotations

Branches:
Dungeon (1/1)

Altars:
Cheibriados
Dithmenos
Elyvilon
Fedhas
Gozag
Kikubaaqudgha
Makhleb
Nemelex Xobeh
Okawaru
Qazlal
Ru
Sif Muna
Trog
Vehumet
Xom
Yredelemnul
Zin
The Shining One
Jiyva
Lugonu

Shops:
D !:(

Annotations:
D Rupert


Innate Abilities, Weirdness & Mutations

You are tiny and cannot use many weapons and most armour.
You have supernaturally acute eyesight.
You are a herbivore.
You cover ground extremely quickly.
You need consume almost no food.
You have large cloven feet.
Your mind is acute. (Int +2)
Armour fits poorly on your strangely shaped body.
Your flesh is heat resistant.
You occasionally shout uncontrollably at your foes.


Message History

Rupert completely misses you.
Your unstable footing causes you to fumble your attack.
Your unstable footing causes you to fumble your attack.
Rupert closely misses you.
Your unstable footing causes you to fumble your attack.
Rupert completely misses you.
You hit Rupert but do no damage.
Your unstable footing causes you to fumble your attack.
Rupert misses you.
You hit Rupert but do no damage.
Your shadow hits Rupert but does no damage.
You hit Rupert but do no damage.
Your shadow hits Rupert but does no damage.
Rupert closely misses you.
You hit Rupert but do no damage. Rupert completely misses you.
Your unstable footing causes you to fumble your attack.
You hit Rupert but do no damage. Your kick misses Rupert.
Rupert hits you with a great mace of holy wrath!!
Ouch! That really hurt!
You die...

##%.##....#......#+###__#
#..###..##.#.....#)..#__#
#).# #..#####....#___#_.+
▓▓▓▓▓▓▓▓▓▓▓▓▓▓▓▓▓▓▓▓▓▓▓▓▓
+≈≈§≈§≈≈≈≈♣♣.....♣♣♣♣
#≈.§§§≈§≈.♣♣.≈≈≈≈+♣♣'
#§≈§≈§§§§.≈'%....#.≈♣
#≈§§§§§§≈≈♣♣♣♣♣♣♣#..♣
#≈§§@§§≈≈≈♣ ###'
####@###### ♣♣♣♣.
.......§....... ♣...#
#+############# ♣♣.##
♣..# ♣♣.# ♣♣.# ♣... ####


You could see Rupert (berserk).

Vanquished Creatures
  Maud (D)
  Snorg (D)
  2 hydras (D)
  A centaur warrior (D)
  A death yak (D)
  An unseen horror (D)
  3 death drakes (D)
  A spriggan druid (D)
  A lindwurm (D)
  An elephant (D)
  2 spiny frogs (D)
  A fire drake (D)
  3 wandering mushrooms (D)
  A komodo dragon (D)
  A deep elf priest (D)
  A queen bee (D)
  5 blink frogs (D)
  3 redbacks (D)
  A shadow (D)
  A spriggan (D)
  A spatial vortex (D)
  A swamp drake (D)
  A necrophage (D)
  2 centaurs (D)
  4 swamp dragon skeletons (D)
  2 brain worms (D)
  An earth elemental (D)
  A water elemental (D)
  32 killer bees (D)
  An electric eel (D)
  A jelly (D)
  A necromancer (D)
  A wolf (D)
  A wizard (D)
  3 humans (D)
  An ooze (D)
  3 rats (D)
  A plant (D)
90 creatures vanquished.

Vanquished Creatures (others)
  2 draconian scorchers (D)
  2 yaktaurs (D)
  A spriggan (D)
  A kobold demonologist (D)
  A fulminant prism (D)
  3 plants (D)
10 creatures vanquished.

Grand Total: 100 creatures vanquished

Notes
Turn   | Place    | Note
--------------------------------------------------------------
     0 | D        | Kidiri the Spriggan Enchanter began the quest for the Orb.
     0 | D        | Reached XP level 1. HP: 9/9 MP: 5/5
     9 | D        | Reached skill level 5 in Stealth
    39 | D        | Noticed a wolf
    42 | D        | Killed a wolf
    42 | D        | Reached skill level 5 in Dodging
    42 | D        | Reached skill level 6 in Stealth
    42 | D        | Reached XP level 2. HP: 13/13 MP: 6/8
    42 | D        | Reached XP level 3. HP: 16/16 MP: 6/9
    50 | D        | Learned a level 2 spell: Ensorcelled Hibernation
    54 | D        | Learned a level 3 spell: Confuse
    58 | D        | Learned a level 3 spell: Tukima's Dance
    85 | D        | Reached skill level 7 in Stealth
   110 | D        | Gained mutation: Armour fits poorly on your strangely shaped body. [potion of mutation]
   110 | D        | Gained mutation: Your mind is acute. (Int +2) [potion of mutation]
   110 | D        | Gained mutation: You have large cloven feet. [potion of mutation]
   111 | D        | Gained mutation: You occasionally shout uncontrollably at your foes. [potion of mutation]
   111 | D        | Gained mutation: Your flesh is heat resistant. [potion of mutation]
   169 | D        | Killed a white draconian scorcher
   172 | D        | Killed a white draconian scorcher
   352 | D        | Noticed a water elemental
   355 | D        | Killed a water elemental
   355 | D        | Reached skill level 8 in Stealth
   355 | D        | Reached skill level 5 in Spellcasting
   355 | D        | Reached skill level 5 in Hexes
   355 | D        | Reached skill level 1 in Ice Magic
   355 | D        | Reached XP level 4. HP: 21/21 MP: 10/12
   360 | D        | Learned a level 3 spell: Dazzling Spray
   369 | D        | Noticed a jelly
   370 | D        | Noticed a shadow
   372 | D        | Killed a shadow
   372 | D        | Reached skill level 10 in Stealth
   372 | D        | Reached skill level 1 in Conjurations
   372 | D        | Reached XP level 5. HP: 24/24 MP: 11/15
   372 | D        | Reached XP level 6. HP: 28/28 MP: 12/17
   376 | D        | Killed a jelly
   378 | D        | Killed a yaktaur
   381 | D        | Found a stormy altar of Qazlal.
   382 | D        | Found a sacrificial altar of Ru.
   382 | D        | Found a burning altar of Makhleb.
   382 | D        | Found a viscous altar of Jiyva.
   382 | D        | Found a shimmering altar of Xom.
   382 | D        | Found a shadowy altar of Dithmenos.
   382 | D        | Found a sparkling altar of Nemelex Xobeh.
   382 | D        | Found a corrupted altar of Lugonu.
   382 | D        | Found an opulent altar of Gozag.
   382 | D        | Noticed a spatial vortex
   386 | D        | Became a worshipper of Dithmenos the Shadowed
   420 | D        | Killed a spatial vortex
   420 | D        | Reached skill level 5 in Short Blades
   420 | D        | Reached skill level 11 in Stealth
   420 | D        | Reached skill level 1 in Invocations
   539 | D        | Found a radiant altar of Vehumet.
   540 | D        | Found a deep blue altar of Sif Muna.
   540 | D        | Found an ancient bone altar of Kikubaaqudgha.
   540 | D        | Noticed a wizard
   549 | D        | Killed a wizard
   561 | D        | Learned a level 2 spell: Sublimation of Blood
   566 | D        | Learned a level 4 spell: Fulminant Prism
   742 | D        | Found a glowing silver altar of Zin.
   743 | D        | Found a glowing golden altar of the Shining One.
   743 | D        | Found a white marble altar of Elyvilon.
   743 | D        | Noticed a deep elf priest
   749 | D        | Killed a deep elf priest
   749 | D        | Reached skill level 10 in Dodging
   749 | D        | Reached skill level 1 in Necromancy
   749 | D        | Reached XP level 7. HP: 25/32 MP: 13/20
   827 | D        | Found an iron altar of Okawaru.
   828 | D        | Found a bloodstained altar of Trog.
   828 | D        | Noticed a human
   828 | D        | Noticed a human
   830 | D        | Killed a human
   830 | D        | Reached skill level 12 in Stealth
   831 | D        | Killed a human
   847 | D        | Found a snail-covered altar of Cheibriados.
   847 | D        | Noticed a necrophage
   849 | D        | Noticed a necromancer
   854 | D        | Killed a necrophage
   854 | D        | Acquired Dithmenos's first power
   854 | D        | Reached XP level 8. HP: 36/36 MP: 18/22
   855 | D        | Found a basalt altar of Yredelemnul.
   855 | D        | Found a blossoming altar of Fedhas.
   857 | D        | Killed a necromancer
   904 | D        | Noticed Snorg
   922 | D        | Killed Snorg
   922 | D        | Reached skill level 13 in Stealth
   922 | D        | Reached skill level 10 in Spellcasting
  1070 | D        | Killed a yaktaur
  1093 | D        | Learned a level 4 spell: Condensation Shield
  1098 | D        | Learned a level 4 spell: Iskenderun's Mystic Blast
  1103 | D        | Noticed an earth elemental
  1106 | D        | Killed an earth elemental
  1111 | D        | Noticed a centaur
  1111 | D        | Noticed a centaur warrior
  1111 | D        | Noticed a centaur
  1113 | D        | Killed a centaur
  1113 | D        | Reached XP level 9. HP: 39/39 MP: 24/24
  1115 | D        | Killed a centaur warrior
  1115 | D        | Acquired Dithmenos's second power
  1115 | D        | Reached skill level 14 in Stealth
  1115 | D        | Reached skill level 5 in Ice Magic
  1116 | D        | Killed a centaur
  1182 | D        | Noticed an unseen horror
  1184 | D        | Killed an unseen horror
  1184 | D        | Reached skill level 15 in Stealth
  1194 | D        | Noticed a killer bee
  1194 | D        | Noticed a killer bee
  1194 | D        | Noticed a killer bee
  1194 | D        | Noticed a killer bee
  1194 | D        | Noticed a killer bee
  1194 | D        | Noticed a killer bee
  1194 | D        | Noticed a killer bee
  1194 | D        | Noticed a killer bee
  1194 | D        | Noticed a killer bee
  1194 | D        | Noticed a killer bee
  1194 | D        | Noticed a killer bee
  1194 | D        | Noticed a killer bee
  1194 | D        | Noticed a killer bee
  1194 | D        | Noticed a killer bee
  1194 | D        | Noticed a killer bee
  1195 | D        | Noticed a killer bee
  1195 | D        | Noticed a killer bee
  1195 | D        | Noticed a queen bee
  1196 | D        | Noticed a killer bee
  1196 | D        | Noticed a killer bee
  1196 | D        | Killed a killer bee
  1198 | D        | Noticed a killer bee
  1198 | D        | Noticed a killer bee
  1198 | D        | Noticed a killer bee
  1198 | D        | Killed a killer bee
  1199 | D        | Noticed a killer bee
  1200 | D        | Noticed a killer bee
  1201 | D        | Noticed a killer bee
  1202 | D        | Noticed a killer bee
  1202 | D        | Killed a killer bee
  1202 | D        | Acquired Dithmenos's third power
  1204 | D        | Noticed a killer bee
  1204 | D        | Noticed a killer bee
  1204 | D        | Noticed a killer bee
  1205 | D        | Killed a killer bee
  1207 | D        | Noticed a killer bee
  1207 | D        | Killed a killer bee
  1211 | D        | Killed a killer bee
  1214 | D        | Noticed a killer bee
  1214 | D        | Killed a killer bee
  1216 | D        | Killed a killer bee
  1216 | D        | Acquired Dithmenos's fourth power
  1220 | D        | Killed a killer bee
  1349 | D        | Killed a killer bee
  1352 | D        | Noticed a killer bee
  1355 | D        | Killed a killer bee
  1355 | D        | Reached skill level 5 in Necromancy
  1359 | D        | Killed a killer bee
  1361 | D        | Killed a killer bee
  1363 | D        | Killed a killer bee
  1365 | D        | Killed a killer bee
  1365 | D        | Reached XP level 10. HP: 44/44 MP: 12/27
  1367 | D        | Killed a killer bee
  1369 | D        | Killed a killer bee
  1372 | D        | Killed a killer bee
  1372 | D        | Reached skill level 5 in Conjurations
  1375 | D        | Killed a killer bee
  1377 | D        | Killed a killer bee
  1677 | D        | Killed a killer bee
  1679 | D        | Killed a killer bee
  1680 | D        | Killed a killer bee
  1684 | D        | Killed a killer bee
  1686 | D        | Killed a killer bee
  1688 | D        | Killed a killer bee
  1690 | D        | Killed a killer bee
  1694 | D        | Killed a killer bee
  1696 | D        | Killed a killer bee
  1698 | D        | Killed a killer bee
  1700 | D        | Killed a queen bee
  1702 | D        | Killed a killer bee
  1715 | D        | Killed a killer bee
  1780 | D        | Noticed a wandering mushroom
  1781 | D        | Noticed a wandering mushroom
  1781 | D        | Noticed a wandering mushroom
  1784 | D        | Killed a wandering mushroom
  1784 | D        | Reached skill level 16 in Stealth
  1789 | D        | Killed a wandering mushroom
  1789 | D        | Reached skill level 10 in Hexes
  1922 | D        | Killed a wandering mushroom
  1941 | D        | Learned a level 4 spell: Alistair's Intoxication
  1946 | D        | Learned a level 4 spell: Petrify
  1946 | D        | Noticed a spiny frog
  1946 | D        | Noticed a komodo dragon
  1946 | D        | Noticed a spiny frog
  1949 | D        | Killed a spiny frog
  1949 | D        | Reached skill level 1 in Transmutations
  1953 | D        | Killed a komodo dragon
  1953 | D        | Reached skill level 15 in Dodging
  1953 | D        | Reached skill level 1 in Poison Magic
  1954 | D        | Killed a spiny frog
  1954 | D        | Reached skill level 1 in Earth Magic
  1961 | D        | Noticed a redback
  1963 | D        | Killed a redback
  1964 | D        | Noticed a brain worm
  1967 | D        | Killed a brain worm
  1973 | D        | Noticed a brain worm
  1976 | D        | Killed a brain worm
  1979 | D        | Noticed a lindwurm
  1981 | D        | Noticed a redback
  1982 | D        | Killed a lindwurm
  1984 | D        | Killed a redback
  1990 | D        | Noticed a redback
  1991 | D        | Killed a redback
  1992 | D        | Noticed Maud
  1994 | D        | Killed Maud
  1994 | D        | Reached skill level 17 in Stealth
  1994 | D        | Reached XP level 11. HP: 47/47 MP: 29/29
  1998 | D        | Noticed an electric eel
  1999 | D        | Noticed a four-headed hydra
  1999 | D        | Noticed a five-headed hydra
  2089 | D        | Noticed a death drake
  2089 | D        | Killed an electric eel
  2098 | D        | Killed a four-headed hydra
  2099 | D        | Killed a five-headed hydra
  2100 | D        | Killed a death drake
  2223 | D        | Found a blossoming altar of Fedhas.
  2223 | D        | Noticed a spriggan
  2223 | D        | Noticed a spriggan druid
  2223 | D        | Noticed a spriggan
  2228 | D        | Noticed a swamp drake
  2237 | D        | Killed a spriggan
  2240 | D        | Killed a swamp drake
  2243 | D        | Killed a spriggan druid
  2247 | D        | Killed a spriggan
  2247 | D        | Reached skill level 5 in Transmutations
  2252 | D        | Noticed a death yak
  2523 | D        | Noticed a death drake
  2523 | D        | Noticed a swamp dragon skeleton
  2525 | D        | Killed a death drake
  2526 | D        | Noticed a swamp dragon skeleton
  2526 | D        | Noticed a swamp dragon skeleton
  2526 | D        | Noticed a swamp dragon skeleton
  2526 | D        | Noticed a death drake
  2526 | D        | Found Rerhob's Distillery.
  2526 | D        | Found Mighon's Book Shop.
  2526 | D        | Found Foedghuw's Antique Weapon Shoppe.
  2528 | D        | Killed a swamp dragon skeleton
  2540 | D        | Killed a swamp dragon skeleton
  2540 | D        | Reached skill level 18 in Stealth
  2543 | D        | Killed a swamp dragon skeleton
  2555 | D        | Killed a death drake
  2565 | D        | Killed a swamp dragon skeleton
  2748 | D        | Killed a death yak
  2771 | D        | Noticed an elephant
  2778 | D        | Killed an elephant
  2821 | D        | Noticed a black mamba
  2846 | D        | Noticed a fire drake
  2847 | D        | Killed a fire drake
  3001 | D        | Noticed a blink frog
  3001 | D        | Noticed a blink frog
  3002 | D        | Noticed a blink frog
  3002 | D        | Noticed a blink frog
  3003 | D        | Noticed a blink frog
  3008 | D        | Killed a blink frog
  3008 | D        | HP: 2/47 [blink frog (20)]
  3012 | D        | Killed a blink frog
  3407 | D        | Learned a level 5 spell: Irradiate
  3417 | D        | Killed a blink frog
  3420 | D        | Killed a blink frog
  3420 | D        | Killed a blink frog
  3517 | D        | Noticed Rupert
  3542 | D        | Annihilated by Rupert

Vault maps used:
D:        dungeon_sprint_mu

Action                   |  1- 3 |  4- 6 |  7- 9 | 10-12 || total
-------------------------+-------+-------+-------+-------++-------
Melee: Dagger            |     9 |    30 |    47 |   130 ||   216
 Cast: Ensorcelled Hiber |     3 |     1 |    25 |    35 ||    64
       Confuse           |     1 |     1 |     4 |    13 ||    19
       Dazzling Spray    |       |     8 |       |    26 ||    34
       Condensation Shie |       |       |       |     1 ||     1
       Fulminant Prism   |       |       |       |     1 ||     1
Invok: Shadow Step       |       |       |       |     3 ||     3
  Use: Scroll            |     4 |       |       |       ||     4
       Potion            |     2 |       |       |     2 ||     4
 Stab: Sleeping          |     7 |     2 |    24 |    31 ||    64
       Confused          |       |     1 |     2 |     6 ||     9
       Invisible         |       |       |       |     3 ||     3
  Eat: Fruit             |       |       |       |     1 ||     1
